 Dungeon Crawl Stone Soup version 0.31-a0-833-gc15d34cb79 (webtiles) character file.

Game seed: 13063422626801212453

774 Kurtz the Cleaver (level 7, 0/46 HPs)
             Began as an Octopode Fighter on Sept 25, 2023.
             Was an Initiate of Gozag.
             Slain by an ice beast (4 damage)
             ... on level 6 of the Dungeon.
             The game lasted 00:02:58 (4919 turns).

Kurtz the Cleaver (Octopode Fighter)                Turns: 4919, Time: 00:02:59

Health: 0/46       AC:  1    Str: 15    XL:     7   Next: 84%
Magic:  7/7        EV: 13    Int: 11    God:    Gozag
Gold:   285        SH:  4    Dex: 13    Spells: 6/6 levels left

rFire   . . .        a - +0 war axe
rCold   . . .        b - +0 buckler
rNeg    . . .        (helmet restricted)
rPois   .            (no amulet)
rElec   .            (no ring)
rCorr   .            (no ring)
SInv    .            (no ring)
Will    .....        (no ring)
Stlth   ++           (no ring)
HPRegen 0.27/turn    (no ring)
MPRegen 0.10/turn    (no ring)
                     (no ring)

%: no passive effects
@: no status effects
A: almost no armour, amphibious, 8 rings, camouflage 1, gelatinous body 1,
(nimble swimmer 1), tentacles
a: Renounce Religion, Potion Petition, Call Merchant, Bribe Branch


You were on level 6 of the Dungeon.
You worshipped Gozag.
Gozag was aware of your devotion.
You visited 1 branch of the dungeon, and saw 6 of its levels.

You collected 362 gold pieces.
You paid 77 gold pieces to Gozag.

Inventory:

Hand Weapons
 a - a +0 war axe (weapon)
Missiles
 o - 3 poisoned darts
 x - 2 curare-tipped darts (quivered)
Armour
 b - a +0 buckler (worn)
Scrolls
 d - 5 scrolls of identify {unknown}
 g - 2 scrolls of amnesia {unknown}
 h - a scroll of immolation {unknown}
 i - 2 scrolls of teleportation {unknown}
 k - 2 scrolls of enchant armour {unknown}
 l - 2 scrolls of torment {unknown}
 m - a scroll of silence {unknown}
 n - a scroll of brand weapon {unknown}
 p - a scroll of vulnerability {unknown}
 r - 2 scrolls of noise {unknown}
 u - 2 scrolls of poison {unknown}
 v - 2 scrolls of enchant weapon {unknown}
Potions
 c - 3 potions of might
 e - 3 potions of curing
 f - 2 potions of cancellation {unknown}
 j - a potion of ambrosia {unknown}
 q - 2 potions of invisibility {unknown}
 s - 2 potions of attraction {unknown}
 t - a potion of degeneration {unknown}
 w - 2 potions of enlightenment {unknown}


   Skills:
 - Level 3.0 Fighting
 * Level 8.7 Axes
 - Level 3.0 Dodging
 - Level 3.0 Shields


You had 6 spell levels left.
You didn't know any spells.
Your spell library contained the following spells:

 Spells                   Type           Power      Damage    Failure   Level
 Magic Dart               Conj           0%         1d3       43%         1
 Searing Ray              Conj           0%         2d4       56%         2
 Fulminant Prism          Conj/Hex       0%         3d5       99%         4


Dungeon Overview and Level Annotations

Branches:
Dungeon (6/15)
 Temple: D:4-7

Altars:
Cheibriados
Gozag
Yredelemnul
The Shining One

Annotations:
D:1 1 runed translucent door
D:5 exclusion: jelly


Innate Abilities, Weirdness & Mutations

You cannot wear most types of armour.
You are amphibious.
You can wear up to eight rings at the same time.
Your skin changes colour to match your surroundings (Stealth+).
Your rubbery body absorbs attacks. (AC +1, EV +1)
((You are camouflaged when in or above water. (Stealth+)))
You have tentacles for arms and can constrict up to eight enemies at once.


Message History

An ice beast is nearby!
An ice beast is nearby!
You see here 5 curare-tipped darts.
x - 5 curare-tipped darts Throw: 5 darts (curare)
Press: ? - help, Q - select action, (/) - cycle Shift-Dir - straight line, f - ice beast
Aim: an ice beast (54% to hit)
You throw a curare-tipped dart.
The curare-tipped dart hits the ice beast.
Unknown command.
Throw: 4 darts (curare)
Press: ? - help, Q - select action, (/) - cycle Shift-Dir - straight line, f/p - ice beast
Aim: an ice beast (54% to hit)
You throw a curare-tipped dart.
The curare-tipped dart barely misses the ice beast.
Unknown command.
Throw: 3 darts (curare)
Press: ? - help, Q - select action, (/) - cycle Shift-Dir - straight line, f/p - ice beast
Aim: an ice beast (54% to hit)
You throw a curare-tipped dart.
The curare-tipped dart hits the ice beast.
You slash the ice beast! Your squeeze misses the ice beast.
The ice beast is moderately wounded.
The ice beast hits you. The ice beast freezes you!
You slash the ice beast!
The ice beast is heavily wounded.
The ice beast barely misses you.
You hit the ice beast but do no damage.
The ice beast is heavily wounded.
You block the ice beast's attack.
You hit the ice beast but do no damage.
The ice beast is heavily wounded.
The ice beast hits you. The ice beast freezes you!
You slash the ice beast!
The ice beast is almost dead.
The ice beast hits you. The ice beast freezes you!
* * * LOW HITPOINT WARNING * * *
The ice beast hits you.
You die...
Your body crumbles into a pile of gold.

. ##...........##.
.##..............
.#..............##
#................##
.# #
.......(.(........#
...## ##
...#...<....(.....##
#..####.
..##...............#
#.....
(##...........(...#
#...#.
##.............Y@##
##...##
##...[..........##
#...#.#
#..............##
#..##..
##...........###
##..###.
##.........### #..##
## #...########
##..# # #...# #..##
....# #..# ...##
##.##


You could see an ice beast.

Vanquished Creatures
  A water moccasin (D:5)
  A black bear (D:5)
  An ice beast (D:6)
  A bullfrog (D:5)
  A howler monkey (D:5)
  A jelly (D:6)
  A hound (D:5)
  2 iguanas (D:5)
  Jessica (D:2)
  A sleepcap (D:5)
  An orc wizard (D:5)
  8 adders
  A shadow imp (D:6)
  A white imp (D:5)
  2 ufetubi
  3 worms (D:2)
  2 dart slugs (D:3)
  4 orcs
  7 ball pythons
  6 endoplasms
  4 giant cockroaches
  6 goblins
  6 hobgoblins
  6 jackals
  2 quokkas
  7 bats
  3 frilled lizards
  6 kobolds
  5 rats
91 creatures vanquished.

Notes
Turn   | Place    | Note
-------+----------+-------------------------------------------
     0 | D:1      | Kurtz the Octopode Fighter began the quest for the Orb.
     0 | D:1      | Reached XP level 1. HP: 16/16 MP: 1/1
     1 | D:1      | Found a runed translucent door.
   187 | D:1      | Reached XP level 2. HP: 21/21 MP: 2/2
   249 | D:1      | Found a faded altar of an unknown god.
   250 | D:1      | Noticed a floating eye
   252 | D:1      | Noticed a great orb of eyes
   252 | D:1      | Noticed a shining eye
   252 | D:1      | Noticed an eye of devastation
   282 | D:1      | Reached skill level 3 in Axes
   469 | D:1      | Reached XP level 3. HP: 23/26 MP: 3/3
  1107 | D:2      | Identified the +5 short sword of Ascent {drain, rCorr}
  1126 | D:2      | Reached skill level 4 in Axes
  1167 | D:2      | Reached XP level 4. HP: 28/31 MP: 4/4
  1242 | D:2      | Noticed Jessica
  1245 | D:2      | Killed Jessica
  1489 | D:3      | Identified the +4 dagger of Domination {flame, rElec}
  1823 | D:3      | Reached skill level 5 in Axes
  1823 | D:3      | Reached XP level 5. HP: 15/36 MP: 5/5
  2489 | D:4      | Found a basalt altar of Yredelemnul.
  2508 | D:4      | Found a glowing golden altar of the Shining One.
  2510 | D:4      | Noticed an angel
  2911 | D:5      | Entered Level 5 of the Dungeon
  3204 | D:5      | Noticed a water moccasin
  3216 | D:5      | Killed a water moccasin
  3217 | D:5      | Reached skill level 6 in Axes
  3217 | D:5      | Reached XP level 6. HP: 12/42 MP: 6/6
  3486 | D:5      | Reached skill level 7 in Axes
  3577 | D:5      | Reached XP level 7. HP: 37/46 MP: 7/7
  3798 | D:5      | Found a snail-covered altar of Cheibriados.
  3804 | D:5      | Reached skill level 8 in Axes
  3868 | D:5      | Found an opulent altar of Gozag.
  4152 | D:5      | Became a worshipper of Gozag Ym Sagoz the Greedy
  4548 | D:6      | HP: 2/46 [ice beast (9)]
  4919 | D:6      | Slain by an ice beast

Illustrated notes

Levels and vault maps discovered:
D:1:      dpeg_arrival_caged_fury, layout_loops_ring,
          hellmonk_ecumenical_altar_watching_god, minmay_misc_feat_columns
D:2:      layout_loops_ring, uniq_jessica
D:3:      layout_rooms
D:4:      layout_basic, grunt_temple_overflow_holy_war
D:5:      layout_basic, mainiacjoe_overflow_alcove_1,
          mainiacjoe_overflow_big_doors
D:6:      layout_cave_pods

Skill      XL: |  1  2  3  4  5  6  7 |
---------------+----------------------+-----
Axes           | 3 4 5 6 7 8 |  8.7
Fighting       | |  3.0
Dodging        | |  3.0
Shields        | |  3.0

Action                     |  1- 3 |  4- 6 |  7- 9 || total
---------------------------+-------+-------+-------++-------
  Melee: War axe           |    62 |    85 |    41 ||   188
         Constrict         |    15 |    18 |     5 ||    38
         Tentacles         |    10 |    12 |     9 ||    31
  Throw: Dart              |       |       |     3 ||     3
    Use: Potion            |       |     2 |     1 ||     3
   Stab: Sleeping          |    10 |    17 |     3 ||    30
 Armour: Skin              |    25 |    33 |    22 ||    80
  Dodge: Dodged            |    29 |    40 |    19 ||    88
  Block: Buckler           |     7 |    16 |     8 ||    31

Table legend: (Time is in decaauts)
 A = Elapsed time spent in this place.
 B = Non-inter-level travel time spent in this place.
 C = Inter-level travel time spent in this place.
 D = Time resting spent in this place.
 E = Time spent auto-exploring this place.
 F = Levels seen in this place.
 G = Mean time per level.
                   A        B        C        D        E       F      G
               +--------+--------+--------+--------+--------+-----+--------+
         Total |   4970 |   4800 |    170 |    839 |   3274 |   6 |  828.3 |
       Dungeon |   4970 |   4800 |    170 |    839 |   3274 |   6 |  828.3 |
               +--------+--------+--------+--------+--------+-----+--------+

Top non-repeatable levels by time:
     D:5: 1434 daAuts
     D:4: 836 daAuts
     D:1: 770 daAuts
     D:2: 728 daAuts
     D:3: 614 daAuts
     D:6: 586 daAuts
